 Dungeon Crawl Stone Soup version 0.31-a0-1074-g0b22e4e0f1 (webtiles) character file.

Game seed: 17565756600488493747

3728 grandjackal the Jinx (level 9, -1/57 HPs)
             Began as a Vampire Enchanter on Dec 2, 2023.
             Was a Follower of Dithmenos.
             Slain by an orc warlord (23 damage)
             ... in a bailey.
             The game lasted 00:15:28 (7054 turns).

grandjackal the Jinx (Vampire Enchanter)            Turns: 7054, Time: 00:15:29

Health: -1/57      AC:  7    Str: 13    XL:     9   Next: 92%
Magic:  5/12       EV: 12    Int: 22    God:    Dithmenos [*.....]
Gold:   505        SH:  0    Dex: 14    Spells: 4/12 levels left

rFire   . . .        u - +1 dagger (venom)
rCold   . . .        (no shield)
rNeg    . . .        z - +0 steam dragon scales
rPois   +            (no helmet)
rElec   .            (no cloak)
rCorr   .            q - +0 pair of gloves
SInv    +            d - +0 pair of boots
Will    .....        (no amulet)
Stlth   +++++        l - +6 ring of strength
HPRegen 0.49/turn    k - ring of poison resistance
MPRegen 0.13/turn

%: no passive effects
@: healing quickly, wreathed by umbra, invisible
A: alive, fangs 3, see invisible, vampiric 2
a: Exsanguinate, Renounce Religion


You were in a bailey.
You worshipped Dithmenos.
Dithmenos was aware of your devotion.
You visited 2 branches of the dungeon, and saw 8 of its levels.
You also visited: Sewer and Bailey.

You collected 505 gold pieces.

Inventory:

Hand Weapons
 r - a +1 short sword of speed
 u - a +1 dagger of venom (weapon)
Armour
 d - a +0 pair of boots (worn)
 q - a +0 pair of gloves (worn)
 y - a +2 robe of fire resistance
 z - +0 steam dragon scales (worn)
Jewellery
 k - a ring of poison resistance (right hand)
 l - a +6 ring of strength (left hand)
 s - a ring of wizardry
 A - a ring of flight
Scrolls
 b - a scroll of fog {unknown}
 j - 2 scrolls of teleportation
 m - a scroll of enchant armour {unknown}
 n - a scroll of revelation {unknown}
 o - a scroll of immolation {unknown}
 p - 4 scrolls of blinking {unknown}
 w - a scroll of poison
 x - a scroll of amnesia
 B - 2 scrolls of fear
Potions
 a - a potion of might
 c - 2 potions of invisibility
 e - 2 potions of lignification
 f - a potion of degeneration {unknown}
 g - 4 potions of attraction
 h - 2 potions of enlightenment
 i - 6 potions of haste
 t - 4 potions of curing
 v - 6 potions of heal wounds
 C - a potion of mutation {unknown}


   Skills:
 + Level 9.2 Short Blades
 - Level 2.1 Dodging
 + Level 8.8 Stealth
 - Level 2.0 Spellcasting
 - Level 10.6 Hexes
 - Level 6.5 Ice Magic
 + Level 3.9 Invocations


You had 4 spell levels left.
You knew the following spells:

 Your Spells              Type           Power      Damage    Failure   Level
a - Ensorcelled Hibernat  Hex/Ice        80%        N/A       1%          2
b - Confusing Touch       Hex            49%        N/A       1%          3
c - Tukima's Dance        Hex            49%        N/A       1%          3

Your spell library contained the following spells:

 Spells                   Type           Power      Damage    Failure   Level
 Sigil of Binding         Hex            49%        N/A       1%          3
 Dazzling Flash           Conj/Hex       50%        N/A       4%          3
 Inner Flame              Hex/Fire       25%        N/A       4%          3
 Apportation              Tloc           4%         N/A       14%         1
 Necrotise                Necr           8%         1d4       14%         1
 Sandblast                Erth           4%         2d4       14%         1
 Summon Small Mammal      Summ           8%         N/A       14%         1
 Dimensional Bullseye     Hex/Tloc       12%        N/A       16%         4
 Leda's Liquefaction      Hex/Erth       12%        N/A       16%         4
 Cigotuvi's Dreadful Rot  Necr/Pois/Air  4%         N/A       21%         2
 Passwall                 Tmut/Erth      1%         N/A       21%         2
 Call Canine Familiar     Summ           2%         N/A       38%         3
 Stone Arrow              Conj/Erth      4%         3d7       38%         3
 Brom's Barrelling Bould  Conj/Erth      2%         2d3       80%         4
 Petrify                  Tmut/Erth      2%         N/A       80%         4
 Yara's Violent Unravell  Hex/Tmut       12%        3d7       38%         5
 Enfeeble                 Hex            24%        N/A       82%         7
 Freezing Cloud           Conj/Ice/Air   5%         6-21      83%         5


Dungeon Overview and Level Annotations

Branches:
Dungeon (7/15)             Temple (1/1) D:4           Sewer (visited)
 Bailey (1/1)

Altars:
Ashenzari
Cheibriados
Dithmenos
Fedhas
Hepliaklqana
Kikubaaqudgha
Nemelex Xobeh
Okawaru
Qazlal
Sif Muna
Trog
Vehumet
Wu Jian
Xom
Yredelemnul

Annotations:
D:3 2 transporters, 1 runed translucent door, LeprechaunX's ghost, amateur OpSh


Innate Abilities, Weirdness & Mutations

Your natural rate of healing is accelerated.
You have razor-sharp teeth.
You have supernaturally acute eyesight. (SInv)
You are afflicted with vampirism and can become a bat while bloodless.


Message History

The orc warrior no longer looks unusually strong.
The orc warlord roars a battlecry!
The orc warrior goes into a battle-frenzy!
You kill the gnoll!
Dithmenos accepts your kill.
Things that are here:
a +0 hand axe; a +0 leather armour; an orc skeleton
There is an open door, spattered with blood here.
Items here: ))) [[[.
Unknown command.
Casting: Tukima's Dance (safe; 1% risk of failure)
Confirm with . or Enter, or press ? or * to list all spells.
Aiming: Ensorcelled Hibernation (safe; 1% risk of failure)
Press: ? - help, Shift-Dir - straight line, f/p - orc warlord
Aim: an orc warlord, wearing a +0 plate armour (chance to affect: 31%)
The orc warrior struggles to resist.
The orc warrior hits you with a +0 war axe!!
Unknown command.
Casting: Ensorcelled Hibernation (safe; 1% risk of failure)
Confirm with . or Enter, or press ? or * to list all spells.
Aiming: Ensorcelled Hibernation (safe; 1% risk of failure)
Press: ? - help, Shift-Dir - straight line, f/p - orc warlord
Aim: an orc warlord, wearing a +0 plate armour (umbra, chance to affect: 31%)
The orc warrior looks drowsy...
Unknown command.
The helpless orc warrior fails to defend itself.
You perforate the orc warrior like a sieve!!!
You kill the orc warrior!
Dithmenos accepts your kill.
The orc warlord attacks as it pursues you!
The orc warlord hits you!
Casting: Ensorcelled Hibernation (safe; 1% risk of failure)
Confirm with . or Enter, or press ? or * to list all spells.
Okay, then.
You aren't carrying any items that you can evoke.
You aren't carrying any items that you can evoke.
You fade into invisibility!
You hit the orc warlord but do no damage.
The orc warlord is poisoned.
The orc warlord hits you!!
You die...

..'..)........# ........#8.....
..'.....⌠.....# ..og....'.....⌠
..'...........# ........#8.....
..#...........# .......##8.....
..##.........### .......###..o.)
..♣###...[)###.###.....###.###)..
♣♣♣ ###.#'#.....###.###.....#)#.
♣ ###)[.......###.....))).##
#.......@...#...........#
#........o..#...........#
#.....⌠.....#)....⌠....)#
#...........)).)........#
#...........#)..........#
##.........###.........##
###.....### ###.....### ###.###
###.### ### ###


You could see an orc warlord (unable to see you, very poisoned).

Vanquished Creatures
  A steam dragon (D:6)
  4 vampire mosquitoes (D:7)
  Duvessa (D:6)
  9 orc warriors (Bailey)
  3 water moccasins
  2 black bears
  Pargi (Sewer)
  An ogre (D:5)
  A centaur (D:6)
  A phantom (D:6)
  3 scorpions (D:6)
  A bullfrog (D:7)
  3 wights
  Dowan (D:6)
  2 vampire bats (D:5)
  A howler monkey (D:4)
  3 hounds
  An orc priest (D:4)
  A gnoll bouda (D:5)
  5 iguanas
  4 orc wizards
  7 adders
  13 gnolls
  A shadow imp (D:6)
  A white imp (D:6)
  2 worms
  3 dart slugs
  25 orcs
  8 ball pythons
  2 bat skeletons (D:5)
  3 bat zombies (D:5)
  8 endoplasms
  6 giant cockroaches
  20 goblins
  16 hobgoblins
  4 jackals (D:1)
  6 kobolds
  3 quokkas (D:1)
  6 bats
  A frilled lizard (D:1)
  5 rats
189 creatures vanquished.

Vanquished Creatures (collateral kills)
  3 gnolls (D:5)
3 creatures vanquished.

Vanquished Creatures (others)
  2 dancing weapons (D:6)
2 creatures vanquished.

Grand Total: 194 creatures vanquished

Notes
Turn   | Place    | Note
-------+----------+-------------------------------------------
     0 | D:1      | grandjackal the Vampire Enchanter began the quest for the
                  | Orb.
     0 | D:1      | Reached XP level 1. HP: 13/13 MP: 3/3
   110 | D:1      | Reached XP level 2. HP: 16/19 MP: 5/5
   130 | D:1      | Learned a level 2 spell: Ensorcelled Hibernation
   239 | D:1      | Reached skill level 5 in Stealth
   283 | D:1      | Reached skill level 5 in Hexes
   283 | D:1      | Gained mutation: You are afflicted with vampirism and can
                  | become a bat while bloodless. [Vampire growth]
   283 | D:1      | Reached XP level 3. HP: 24/24 MP: 3/6
   316 | D:1      | Learned a level 3 spell: Confusing Touch
   605 | D:1      | Found a faded altar of an unknown god.
   837 | D:2      | Reached skill level 1 in Ice Magic
  1661 | D:2      | Reached XP level 4. HP: 23/30 MP: 0/7
  1807 | D:3      | Found a transporter.
  1867 | D:3      | Found a transporter.
  1875 | D:3      | Noticed a kobold demonologist
  1944 | D:3      | Identified the +1 war axe "Mesemef" {flame, Int+3}
  2361 | D:3      | Found a runed translucent door.
  2362 | D:3      | Noticed LeprechaunX's ghost (amateur OpSh)
  2692 | D:4      | Found a bloodstained altar of Trog.
  2798 | D:4      | Reached XP level 5. HP: 35/35 MP: 8/8
  2850 | D:4      | Found a staircase to the Ecumenical Temple.
  2859 | Temple   | Entered the Ecumenical Temple
  2915 | D:4      | Reached skill level 6 in Hexes
  3205 | D:4      | Found a stormy altar of Qazlal.
  3359 | D:4      | Reached XP level 6. HP: 41/41 MP: 6/9
  3392 | D:4      | Learned a level 3 spell: Tukima's Dance
  3704 | D:5      | Entered Level 5 of the Dungeon
  3742 | D:5      | Noticed a water moccasin
  3776 | D:5      | Killed a water moccasin
  3777 | D:5      | Reached skill level 7 in Hexes
  4049 | D:5      | Found an ancient bone altar of Kikubaaqudgha.
  4077 | D:5      | Reached XP level 7. HP: 43/46 MP: 10/10
  4335 | D:5      | Reached skill level 5 in Short Blades
  4493 | D:5      | Reached skill level 8 in Hexes
  4562 | D:5      | Found a hazy altar of Hepliaklqana.
  4563 | D:5      | Found a shimmering altar of Xom.
  4563 | D:5      | Noticed a tyrant leech
  4564 | D:5      | Noticed a spectral ugly thing
  4564 | D:5      | Noticed a tyrant leech
  4926 | D:6      | Reached XP level 8. HP: 52/52 MP: 11/11
  4942 | D:5      | Reached skill level 9 in Hexes
  4942 | D:5      | Reached skill level 5 in Ice Magic
  5056 | D:6      | Found a glowing drain.
  5102 | Sewer    | Entered a sewer
  5129 | Sewer    | Noticed Pargi
  5135 | Sewer    | Killed Pargi
  5366 | D:6      | Reached skill level 10 in Hexes
  5477 | D:6      | Found a radiant altar of Vehumet.
  5500 | D:6      | Noticed Dowan
  5512 | D:6      | Killed Dowan
  5512 | D:6      | Noticed Duvessa
  5523 | D:6      | Killed Duvessa
  5614 | D:6      | Got the Precepts of the Inquisitive Defenders
  5738 | D:6      | Reached XP level 9. HP: 57/57 MP: 9/12
  6110 | D:6      | Found a shadowy altar of Dithmenos.
  6113 | D:6      | Became a worshipper of Dithmenos the Shadowed
  6162 | D:7      | Identified the +1 ring mail "Wiess" {rElec rN+ Int-4 Dex+4}
  6184 | D:7      | Reached skill level 1 in Invocations
  6368 | D:7      | Found a flagged portal.
  6410 | Bailey   | Entered a bailey
  6476 | Bailey   | Reached * piety under Dithmenos
  6886 | Bailey   | Noticed an orc warlord
  7054 | Bailey   | Slain by an orc warlord

Illustrated notes

Levels and vault maps discovered:
D:1:      dpeg_arrival_stonehenge_12_columns, layout_rooms,
          basic_ecumenical_altar, nicolae_eternal_life, item_on_display_a
D:2:      layout_basic, chequers_mini_garden
D:3:      gammafunk_wand_slinger, layout_loops_ring,
          ebering_ghost_reflecting_pool
D:4:      layout_basic, mainiacjoe_overflow_small_starburst,
          nicolae_qazlal_scattered_showers, minmay_temple_entry_grid
D:5:      layout_loops_ring, regret_index_temple_of_mockery,
          kennysheep_vampire_church
D:6:      layout_basic, mainiacjoe_overflow_swirl, cheibrodos_sewer_entry_drain,
          minmay_misc_feat_tiny, uniq_duvessa
D:7:      layout_basic, kennysheep_mini_moat, enter_bailey_3,
          serial_library_hellmonk_open_square, hangedman_glass_teeth
Temple:   hellmonk_temple_of_storms
Bailey:   bailey_axe_minmay_hex_keep, bailey

Skill      XL: |  1  2  3  4  5  6  7  8  9 |
---------------+----------------------------+-----
Stealth        | 5 8 |  8.8
Short Blades   | 2 3 4 6 7 9 |  9.2
Hexes          | 5 6 7 8 10 | 10.6
Ice Magic      | 1 2 3 4 6 |  6.5
Invocations    | 3 |  3.9
Dodging        | |  2.1
Spellcasting   | |  2.0

Action                     |  1- 3 |  4- 6 |  7- 9 || total
---------------------------+-------+-------+-------++-------
  Melee: Dagger            |   146 |   153 |   359 ||   658
         Bite              |    12 |    10 |    37 ||    59
         Punch             |     4 |     2 |     3 ||     9
  Throw: Throwing net      |       |       |     1 ||     1
   Cast: Ensorcelled Hiber |    12 |     8 |    31 ||    51
         Tukima's Dance    |       |     1 |    11 ||    12
         Confusing Touch   |       |       |     5 ||     5
    Use: Scroll            |       |       |    11 ||    11
         Potion            |       |       |     3 ||     3
   Stab: Sleeping          |    10 |    13 |    37 ||    60
         Distracted        |       |     1 |       ||     1
         Invisible         |       |       |     2 ||     2
         Confused          |       |       |     4 ||     4
 Armour: Robe              |    79 |    83 |    89 ||   251
         Steam dragon scal |       |       |    77 ||    77
  Dodge: Dodged            |    99 |   106 |   166 ||   371

Table legend: (Time is in decaauts)
 A = Elapsed time spent in this place.
 B = Non-inter-level travel time spent in this place.
 C = Inter-level travel time spent in this place.
 D = Time resting spent in this place.
 E = Time spent auto-exploring this place.
 F = Levels seen in this place.
 G = Mean time per level.
                   A        B        C        D        E       F      G
               +--------+--------+--------+--------+--------+-----+--------+
         Total |   6879 |   6672 |    207 |   1090 |   3600 |  10 |  687.9 |
       Dungeon |   6183 |   5989 |    194 |    936 |   3579 |   7 |  883.3 |
        Temple |     27 |     14 |     13 |      0 |      0 |   1 |   27.0 |
         Sewer |     98 |     98 |      0 |      0 |      9 |   1 |   98.0 |
        Bailey |    569 |    569 |      0 |    154 |     12 |   1 |  569.0 |
               +--------+--------+--------+--------+--------+-----+--------+

Top non-repeatable levels by time:
     D:5: 1280 daAuts
     D:6: 1015 daAuts
     D:4: 1003 daAuts
     D:3: 989 daAuts
     D:2: 912 daAuts
     D:1: 739 daAuts
  Bailey: 569 daAuts
     D:7: 242 daAuts
   Sewer: 98 daAuts
  Temple: 27 daAuts
